 Dungeon Crawl Stone Soup version 0.19.0-9-gfd783f2 (webtiles) character file.

543 McCoppin the Skirmisher (level 7, -3/59 HPs)
             Began as a Formicid Fighter on Nov 7, 2016.
             Slain by an ice beast (21 damage)
             ... on level 5 of the Dungeon.
             The game lasted 00:09:54 (4355 turns).

McCoppin the Skirmisher (Formicid Fighter)          Turns: 4355, Time: 00:09:54

Health: -3/59      AC:  6    Str: 21    XL:     7   Next: 52%
Magic:  7/7        EV:  8    Int:  9    God:
Gold:   266        SH:  9    Dex: 10    Spells: 0 memorised, 6 levels left

rFire  + . .     SeeInvis +     u - +0 whip
rCold  x . .     Gourm    .     t - +1 ring mail {rN+}
rNeg   + . .     Faith    .     c - +0 shield
rPois  .         Spirit   .     (helmet unavailable)
rElec  .         Reflect  .     (no cloak)
rCorr  +         Harm     .     (no gloves)
MR     .....                    (no boots)
Stlth  ..........               (no amulet)
                                w - ring of resist corrosion
                                l - ring of fire

@: no status effects
A: permanent stasis, dig shafts and tunnels, four strong arms, antennae 3
a: Dig, Shaft Self


You were on level 5 of the Dungeon.
You were not hungry.

You visited 1 branch of the dungeon, and saw 5 of its levels.

You collected 266 gold pieces.

Inventory:

Hand Weapons
 a - a +0 flail
 u - a +0 whip (weapon)
Armour
 b - a +0 scale mail
 c - a +0 shield (worn)
 t - a +1 ring mail of positive energy (worn)
 B - a +0 scale mail
Rods
 v - a +0 rod of ignition (12/12)
   (You took it off a kobold on level 3 of the Dungeon)
Jewellery
 l - a ring of fire (left hand)
 w - a ring of resist corrosion (right hand)
 C - an uncursed ring of magical power {unknown}
Wands
 q - a wand of flame (13/48)
Scrolls
 e - 5 scrolls of identify {unknown}
 h - a scroll of enchant armour {unknown}
 k - 4 scrolls of teleportation {unknown}
 m - 4 scrolls of remove curse {unknown}
 p - a scroll of fog {unknown}
 r - 3 scrolls of random uselessness {unknown}
 y - a scroll of noise {unknown}
 A - a scroll of magic mapping {unknown}
Potions
 d - a potion of might
 i - a potion of curing
 j - 2 potions of heal wounds {unknown}
 n - a potion of resistance {unknown}
 s - a potion of magic {unknown}
 z - a potion of flight {unknown}
Comestibles
 f - 3 bread rations
 g - 2 meat rations
 o - 6 fruits
 x - a beef jerky


   Skills:
 + Level 6.8 Fighting
 + Level 5.4 Maces & Flails
 - Level 3.2 Armour
 - Level 3.6 Shields


You had 6 spell levels left.
You didn't know any spells.

Dungeon Overview and Level Annotations

Branches:
Dungeon (5/15)
 Temple: D:4-7

Altars:
Fedhas
Nemelex Xobeh
Trog
Zin
The Shining One

Shops:
D:4 *


Innate Abilities, Weirdness & Mutations

You are under a permanent stasis effect.
You can dig through walls and to a lower floor.
Your four strong arms can wield two-handed weapons with a shield.
You have a pair of large antennae on your head. (SInv)


Message History

The ice beast is heavily wounded.
You block the ice beast's attack.
You closely miss the ice beast.
The ice beast is heavily wounded.
The ice beast completely misses you.
You completely miss the ice beast.
The ice beast is heavily wounded.
The ice beast hits you but does no damage.
You hit the ice beast but do no damage.
The ice beast is heavily wounded.
The ice beast closely misses you.
You hit the ice beast.
The ice beast is severely wounded.
You hit the ice beast.
The ice beast is almost dead.
You block the ice beast's attack.
You barely miss the ice beast.
The ice beast is almost dead.
The ice beast hits you. The ice beast freezes you!!
You feel a terrible chill!
You die...

#.........# +.........+
{ ......... .......
..... ... #Y# #####@#
#.######...#.#
#........#.#.##
########......#### ###
### ##
##......#.###.###.###.
##........#.#.#.#.#.#.#
##.........#.#.#.#.#.#.#
#.........###.###.###.##
##......### ### ### ###


You could see an ice beast.

Vanquished Creatures
  A centaur (D:5)
  An ogre (D:4)
  2 howler monkeys
  A hound (D:4)
  An orc wizard (D:3)
  2 worker ants (D:4)
  A worker ant zombie (D:5)
  3 gnolls (D:3)
  4 adders
  An ooze (D:1)
  An adder skeleton (D:4)
  5 worms
  A dart slug (D:1)
  3 leopard geckos
  14 orcs
  11 bats
  4 giant cockroaches (D:3)
  7 goblins
  3 hobgoblins
  6 jackals (D:3)
  4 kobolds
  2 quokkas (D:4)
  6 frilled lizards
  11 rats
95 creatures vanquished.

Notes
Turn   | Place    | Note
-------+----------+-------------------------------------------
     0 | D:1      | McCoppin the Formicid Fighter began the quest for the Orb.
     0 | D:1      | Reached XP level 1. HP: 18/18 MP: 1/1
   191 | D:1      | Reached XP level 2. HP: 24/24 MP: 2/2
   475 | D:1      | Reached XP level 3. HP: 30/30 MP: 3/3
   584 | D:1      | Reached skill level 4 in Fighting
  1183 | D:2      | Found a glowing silver altar of Zin.
  1369 | D:2      | Reached XP level 4. HP: 25/38 MP: 4/4
  1410 | D:2      | Found a blossoming altar of Fedhas.
  1736 | D:3      | Found a sparkling altar of Nemelex Xobeh.
  1930 | D:3      | Reached XP level 5. HP: 15/43 MP: 5/5
  1939 | D:3      | Reached skill level 5 in Fighting
  2956 | D:4      | Reached XP level 6. HP: 51/51 MP: 6/6
  2975 | D:4      | Found Yfena's Assorted Antiques.
  3795 | D:4      | Noticed an ogre
  3813 | D:4      | Killed an ogre
  3813 | D:4      | Reached skill level 6 in Fighting
  3841 | D:4      | Found a bloodstained altar of Trog.
  3858 | D:4      | Reached skill level 5 in Maces & Flails
  3858 | D:4      | Reached XP level 7. HP: 33/59 MP: 7/7
  4175 | D:5      | Entered Level 5 of the Dungeon
  4251 | D:5      | Found a glowing golden altar of the Shining One.
  4355 | D:5      | Slain by an ice beast

Skill      XL: |  1  2  3  4  5  6 |
---------------+-------------------+-----
Fighting       | 4 5 6 |  6.8
Maces & Flails | 3 4 5 |  5.4
Armour         | |  3.2
Shields        | |  3.6

Action                   |  1- 3 |  4- 6 |  7- 9 || total
-------------------------+-------+-------+-------++-------
Melee: Flail             |   134 |   139 |       ||   273
       Whip              |       |   150 |    65 ||   215
  Use: Potion            |       |     1 |       ||     1
 Stab: Distracted        |     1 |       |       ||     1
  Eat: Chunk             |       |     7 |       ||     7
       Meat ration       |       |     1 |       ||     1
Armor: Scale mail        |    65 |    48 |       ||   113
       Ring mail         |       |    32 |    15 ||    47
Dodge: Dodged            |    45 |    82 |    13 ||   140
Block: Shield            |    82 |   144 |    19 ||   245
